Map: Overgrown Facility

Players

Terran - Winner!

  • Race: Terran Terran
  • Spawn Location: 9:00

PureLegacy - Winner!

  • Race: Terran Terran
  • Spawn Location: 7:00

Nectari

  • Race: Protoss Protoss
  • League: Master
  • Spawn Location: 1:00

Mufasa

  • Race: Zerg Zerg
  • Spawn Location: 3:00

VOD

Have the link to the VOD?

Description

Time

  • Played on: Nov. 25, 2018, 1:46 p.m.
  • Length: 9:38
Show
View Real Time Build Order
Export as new Build Order

Terran Terran - Winner!

Build Orders:  

Get SALT Encoding   

  12  0:01  SCV  
  13  0:13  SCV  
  14  0:18  Supply Depot  
  14  0:25  SCV  
  15  0:40  Barracks, SCV  
  16  0:46  Refinery  
  16  0:52  SCV  
  17  1:04  SCV  
  18  1:16  SCV  
  19  1:28  Orbital Command  
  19  1:29  Barracks Reactor  
  19  1:44  Command Center  
  19  1:55  Supply Depot  
  19  1:58  SCV  
  20  2:06  Factory  
  20  2:07  Marine  
  21  2:12  Marine  
  21  2:13  SCV  
  23  2:25  Marine, SCV  
  23  2:29  Marine  
  25  2:36  Barracks  
  26  2:40  SCV  
  27  2:44  Marine  
  27  2:45  Refinery  
  27  2:47  Marine  
  27  2:50  Factory Tech Lab  
  29  2:52  SCV  
  30  2:59  Orbital Command  
  30  3:02  Marine  
  30  3:05  Marine  
  32  3:07  SCV  
  33  3:14  Siege Tank  
  36  3:21  Engineering Bay  
  36  3:24  SCV  
  36  3:26  SCV  
  38  3:29  Barracks Tech Lab  
  38  3:33  Marine  
  39  3:36  SCV  
  39  3:40  Starport  
  40  3:42  Marine  
  40  3:45  SCV  
  42  3:49  Supply Depot  
  42  3:55  Marine x2  
  44  3:56  SCV  
  46  4:02  Missile Turret  
  46  4:08  Marine  
  46  4:11  Supply Depot, SCV x2  
  46  4:15  Stimpack  
  48  4:17  Starport Reactor  
  48  4:19  Marine  
  48  4:23  SCV  
  50  4:25  SCV  
  51  4:32  Marine  
  51  4:35  SCV  
  51  4:37  SCV  
  54  4:44  Marine x2  
  54  4:47  Siege Tank  
  54  4:50  Marine  
  54  4:52  Barracks  
  58  4:53  Barracks  
  58  4:59  SCV x2  
  60  5:00  Medivac  
  60  5:05  Supply Depot  
  62  5:07  Medivac  
  62  5:11  SCV  
  56  5:22  SCV  
  56  5:23  SCV  
  56  5:24  Marine x2  
  59  5:30  Medivac, Command Center  
  59  5:34  Marine, SCV  
  63  5:36  SCV  
  63  5:40  Refinery  
  64  5:46  Barracks Reactor x2  
  64  5:47  Marine x2  
  66  5:50  SCV  
  66  5:51  SCV  
  66  5:54  Engineering Bay  
  68  5:59  Armory  
  68  6:03  SCV x2  
  70  6:06  Marine  
  70  6:07  Marine  
  70  6:09  Medivac  
  74  6:14  Supply Depot  
  74  6:15  Supply Depot, Marine, SCV  
  76  6:24  Marine  
  77  6:26  Marine  
  77  6:30  Marine  
  78  6:35  Supply Depot  
  78  6:36  Supply Depot, Marine, SCV  
  78  6:38  Supply Depot  
  80  6:40  Marine x2  
  77  6:49  Marine x2  
  77  6:52  Marine  
  77  6:53  Siege Tank  
  77  6:54  SCV  
  83  6:57  Planetary Fortress  
  82  7:06  Marine x2  
  82  7:08  Marine x3  
  82  7:09  Medivac  
  82  7:12  SCV  
  82  7:13  SCV  
  82  7:15  Terran Infantry Armor Level 1  
  87  7:16  Marine x2  
  89  7:24  Marine x2, SCV  
  89  7:26  Marine  
  89  7:27  SCV  
  94  7:31  Refinery  
  94  7:32  Refinery, Missile Turret  
  94  7:36  Marine x2  
  94  7:37  SCV  
  87  7:38  Marine  
  87  7:39  SCV  
  87  7:41  SCV  
  87  7:43  Barracks  
  91  7:44  Marine  
  91  7:49  Marine x3  
  91  7:50  Medivac, SCV  
  96  7:54  Marine x2  
  98  8:00  SCV x2  
  98  8:01  Factory, Marine  
  98  8:02  SCV  
  102  8:10  Marine x3  
  102  8:11  Medivac, Siege Tank  
  102  8:12  SCV x2  
  112  8:18  SCV  
  113  8:24  SCV  
  103  8:35  Marine x2  
  103  8:36  Marine x4  
  103  8:37  Medivac  
  103  8:41  Barracks Reactor  
  104  8:43  Siege Tank  
  104  8:44  Barracks  
  104  8:46  Factory Tech Lab  
  104  8:47  Armory, Marine  
  108  8:53  Marine x3  
  108  8:54  Marine  
  108  8:55  Marine x2  
  114  8:56  Command Center  
  114  9:05  Marine, SCV x3  
  114  9:09  Refinery  
  121  9:11  Marine x2  
  121  9:15  Marine x3  
Show
View Real Time Build Order
Export as new Build Order

PureLegacy Terran - Winner!

Build Orders:  

Get SALT Encoding   

  13  0:07  SCV  
  13  0:19  SCV  
  14  0:24  Supply Depot  
  14  0:31  SCV  
  14  0:33  Refinery  
  15  0:45  SCV  
  16  0:54  Barracks  
  16  0:57  SCV  
  17  1:05  Barracks  
  17  1:20  Barracks  
  17  1:29  SCV  
  18  1:49  Reaper, Orbital Command  
  19  1:55  Reaper  
  19  1:58  Refinery  
  20  2:05  Supply Depot  
  20  2:10  Reaper  
  21  2:19  SCV  
  21  2:21  Reaper  
  23  2:28  Reaper  
  23  2:29  Supply Depot  
  24  2:32  SCV  
  25  2:45  SCV  
  25  2:47  Reaper  
  27  2:55  Reaper  
  28  3:03  Reaper  
  29  3:07  SCV  
  30  3:19  Reaper  
  31  3:24  Command Center  
  31  3:27  Reaper  
  32  3:35  Reaper  
  33  3:42  SCV  
  34  3:52  Barracks  
  34  3:53  Reaper  
  34  3:55  Barracks  
  33  4:11  Reaper  
  33  4:16  Reaper, SCV  
  35  4:18  Engineering Bay  
  35  4:27  Reaper  
  36  4:33  Barracks, SCV  
  37  4:39  Reaper  
  38  4:45  Reaper  
  38  4:47  Orbital Command  
  38  4:51  Refinery, Reaper  
  40  4:59  Reaper  
  40  5:00  Terran Infantry Weapons Level 1  
  40  5:02  Reaper  
  40  5:03  SCV  
  41  5:07  Refinery  
  39  5:14  Reaper  
  39  5:20  SCV  
  41  5:21  Reaper  
  42  5:29  Reaper  
  42  5:30  SCV  
  42  5:32  SCV  
  42  5:34  Reaper  
  46  5:41  Reaper  
  48  5:42  SCV  
  48  5:44  SCV  
  49  5:58  Reaper  
  49  6:00  Reaper  
  49  6:10  Reaper  
  48  6:11  SCV  
  48  6:12  SCV  
  48  6:13  Reaper  
  48  6:14  Reaper x2  
  52  6:19  Supply Depot  
  52  6:21  Command Center  
  52  6:29  SCV x2  
  54  6:34  Barracks  
  54  6:35  Barracks  
  54  6:37  Reaper  
  54  6:38  Reaper  
  54  6:42  Reaper, SCV  
  56  6:47  Reaper x2  
  56  6:48  Reaper  
  59  6:54  Terran Infantry Armor Level 1  
  59  7:00  SCV x2  
  61  7:09  Reaper  
  61  7:13  Reaper  
  60  7:23  Reaper x2  
  62  7:32  Reaper x4, SCV x2  
  68  7:41  Reaper  
  69  7:45  Reaper  
  67  7:55  Reaper  
  57  8:01  Reaper  
  57  8:03  Orbital Command  
  57  8:04  Reaper x3  
  55  8:07  Barracks  
  55  8:08  Supply Depot, Reaper  
  55  8:09  Barracks x3  
  55  8:10  SCV x2  
  58  8:13  Reaper  
  58  8:17  Reaper  
  60  8:23  SCV x2  
  62  8:27  Reaper  
  62  8:32  Refinery  
  62  8:34  Reaper  
  64  8:35  SCV x2  
  64  8:36  Reaper x2  
  64  8:37  Supply Depot  
  64  8:38  Reaper  
  64  8:39  Refinery  
  69  8:44  Reaper  
  69  8:47  SCV  
  69  8:48  SCV  
  72  8:49  Reaper  
  72  8:53  Orbital Command  
  73  8:57  Reaper x3  
  73  8:59  SCV  
  73  9:00  SCV  
  73  9:01  Supply Depot x2, Reaper  
  81  9:12  SCV x2  
  83  9:24  SCV x2  
  90  9:32  Supply Depot, Command Center  
Show
View Real Time Build Order
Export as new Build Order

Nectari Protoss 

Build Orders: 1 Gate Expand, Blink Stalkers 

Get SALT Encoding   

  12  0:01  Probe  
  13  0:13  Probe  
  14  0:18  Pylon  
  14  0:25  Probe  
  15  0:33  Probe  
  15  0:38  Gateway  
  15  0:41  Probe  
  16  0:47  Assimilator  
  17  0:52  Probe  
  18  1:04  Probe  
  19  1:16  Probe  
  20  1:27  Nexus  
  20  1:39  Probe  
  21  1:40  Cybernetics Core  
  21  1:45  Zealot  
  23  1:53  Pylon  
  23  1:57  Pylon  
  23  1:58  Assimilator  
  23  2:06  Stalker  
  23  2:15  Probe  
  24  2:18  Warp Gate  
  26  2:25  Shield Battery  
  26  2:27  Probe  
  26  2:28  Stalker  
  29  2:39  Probe  
  29  2:41  Probe  
  31  2:48  Pylon  
  31  2:51  Probe  
  31  2:53  Probe  
  31  2:54  Stalker  
  35  3:08  Probe  
  35  3:09  Probe  
  37  3:14  Twilight Council  
  37  3:18  Probe  
  37  3:21  Probe  
  37  3:22  Stalker  
  39  3:29  Probe  
  42  3:48  Probe x2  
  44  3:52  Blink, Stalker  
  46  3:56  Gateway  
  46  3:59  Gateway  
  46  4:01  Probe x2  
  47  4:25  Probe  
  47  4:26  Probe  
  47  4:28  Pylon  
  49  4:31  Pylon  
  49  4:35  Assimilator  
  49  4:39  Assimilator  
  45  4:47  Stalker  
  45  4:49  Probe x2  
  47  5:01  Probe x2  
  47  5:05  Zealot x2  
  53  5:13  Probe  
  53  5:14  Probe  
  53  5:21  Stalker  
  55  5:28  Shield Battery  
  55  5:30  Shield Battery  
  55  5:31  Pylon  
  55  5:33  Stalker  
  55  5:34  Stalker  
  59  5:39  Gateway  
  59  5:41  Gateway  
  59  5:42  Gateway  
  59  5:45  Forge x2  
  59  5:46  Probe x2  
  59  5:49  Stalker  
  63  5:54  Protoss Ground Weapons Level 1  
  63  5:56  Pylon  
  63  6:00  Protoss Ground Armor Level 1  
  63  6:15  Stalker  
  63  6:16  Stalker x2  
  68  6:38  Stalker  
  68  6:39  Stalker x4  
  75  6:51  Probe x2  
  77  6:55  Assimilator  
  77  7:01  Twilight Council  
  77  7:03  Probe, Robotics Facility  
  78  7:35  Pylon  
  78  7:37  Pylon  
  78  7:38  Pylon  
  78  7:53  Probe x2  
  80  8:03  Warp Prism  
  80  8:05  Probe x2, Zealot x2  
  84  8:06  Zealot x4  
  78  8:40  Nexus  
  78  8:42  Pylon  
  78  9:04  Templar Archives  
  78  9:19  Probe x2  
Show
View Real Time Build Order
Export as new Build Order

Mufasa Zerg 

Build Orders: Pool First 

Get SALT Encoding   

  12  0:00  Drone  
  13  0:12  Overlord  
  13  0:18  Drone  
  14  0:24  Drone, Extractor  
  15  0:31  Drone  
  15  0:35  Drone  
  17  0:46  Spawning Pool  
  16  0:51  Drone  
  17  1:12  Hatchery  
  17  1:14  Drone  
  17  1:36  Queen  
  19  1:41  Extractor  
  19  1:44  Drone x3  
  21  1:54  Overlord  
  21  2:11  Extractor  
  21  2:13  Drone  
  21  2:26  Queen  
  21  2:29  Drone x2  
  25  2:34  Zergling x2  
  25  2:36  Zergling x2  
  27  2:39  Metabolic Boost  
  27  2:41  Evolution Chamber  
  26  2:49  Zergling x2  
  27  3:04  Queen  
  29  3:06  Queen  
  29  3:09  Zerg Ground Armor Level 1  
  31  3:18  Zergling x4  
  31  3:19  Zergling x4  
  30  3:27  Zergling x6  
  30  3:48  Zergling x4  
  30  3:49  Zergling x6  
  30  3:54  Overlord  
  34  4:05  Zergling x4  
  32  4:18  Drone x3  
  32  4:19  Drone  
  32  4:22  Zergling x6  
  39  4:32  Zergling x2  
  39  4:35  Overlord  
  40  4:43  Zergling x2  
  34  4:48  Zergling x2  
  34  4:52  Overlord x2  
  35  4:57  Zergling x2  
  35  4:58  Zergling x4  
  38  5:03  Zergling x4  
  40  5:09  Zergling x2  
  40  5:18  Zergling x4  
  38  5:30  Drone  
  38  5:31  Drone x2  
  38  5:33  Drone x4  
  45  5:38  Zergling x2  
  44  5:43  Zergling x2  
  44  5:49  Queen  
  46  5:56  Zergling x2  
  46  5:57  Zergling x6  
  44  6:00  Zergling x4  
  44  6:05  Queen  
  43  6:22  Roach Warren  
  43  6:25  Zergling x4  
  43  6:26  Zergling x8  
  46  6:41  Zergling x4  
  46  6:42  Zergling x4  
  47  6:57  Zergling x14  
  22  7:25  Zergling x20  
  5  8:03  Drone  
  5  8:15  Drone x3  
  5  8:17  Queen  
  10  8:21  Drone  
  10  8:22  Drone x3  
  14  8:33  Drone  
  15  8:39  Drone  
  13  8:52  Roach  
  15  9:03  Roach  
  15  9:09  Roach  
Tags
 
Add a new tag
Caveats
  • Supply blocks, unpowered buildings, or Contaminate may cause inaccurate times.
  • Supply counts are checked every 10 seconds.